[ AOE2 MATCH · #505158171 ]
UnrankedKoreans vs Bengalis
Player's team · WIN
Rival team · LOSS
[ REPLAY ANALYSIS · EXTRACTED FROM THE RECORDED GAME ]
Feudal
13:56
Castle
17:35
Imperial
—
| APM avg | 50.0 |
| APM peak | 101 |
| eAPM avg | 20.1 |
| Villagers / military | 67 / 37 |
Focus
⚔️ 30.8% · 🌾 69.2%
Fire Lancer ×16 · Iron Pagoda ×10 · Monk ×6 · Militia ×5
Feudal
10:38
Castle
20:58
Imperial
—
| APM avg | 53.6 |
| APM peak | 175 |
| eAPM avg | 20.7 |
| Villagers / military | 58 / 19 |
Focus
⚔️ 38.7% · 🌾 61.3%
Elephant Archer ×8 · Scout Cavalry ×7 · Monk ×2 · Mangonel ×2
Match map
Initial resources + every placement click. Lines = walls · curves = elevation contours. ◆ gold · ⬟ stone · ● berries · ✦ relic · ◌ wall gap
Your base· Open — unwalled flank
L10N's base· Open — unwalled flank
Smoothed initial terrain · ◌ = detected wall gap · hover for details
Inputs per minute
— eduv - - L10N
Build order — eduv
First 150 of 182 actions detected
| 0:01 | Queue | Villager (Male) |
| 0:02 | Queue | Villager (Male) |
| 0:03 | Build | House |
| 0:10 | Build | House |
| 0:14 | Queue | Villager (Male) |
| 0:15 | Queue | Villager (Male) |
| 1:39 | Queue | Villager (Male) |
| 1:40 | Queue | Villager (Male) |
| 2:04 | Queue | Villager (Male) |
| 2:05 | Queue | Villager (Male) |
| 2:27 | Queue | Villager (Male) |
| 2:53 | Queue | Villager (Male) |
| 2:54 | Queue | Villager (Male) |
| 3:00 | Queue | Villager (Male) |
| 3:00 | Queue | Villager (Male) |
| 3:51 | Queue | Villager (Male) |
| 4:13 | Queue | Villager (Male) |
| 4:14 | Queue | Villager (Male) |
| 4:26 | Build | House |
| 4:29 | Research | Loom |
| 5:26 | Queue | Villager (Male) |
| 5:26 | Queue | Villager (Male) |
| 5:51 | Queue | Villager (Male) |
| 5:51 | Queue | Villager (Male) |
| 6:06 | Queue | Villager (Male) |
| 6:06 | Queue | Villager (Male) |
| 6:35 | Build | Barracks |
| 6:40 | Queue | Villager (Male) |
| 6:40 | Queue | Villager (Male) |
| 6:40 | Queue | Villager (Male) |
| 7:08 | Build | House |
| 7:29 | Queue | Villager (Male) |
| 7:35 | Build | House |
| 7:52 | Queue | Villager (Male) |
| 7:53 | Queue | Militia |
| 7:54 | Queue | Militia |
| 7:54 | Queue | Militia |
| 8:15 | Queue | Villager (Male) |
| 8:15 | Queue | Villager (Male) |
| 8:15 | Queue | Villager (Male) |
| 8:16 | Queue | Villager (Male) |
| 8:37 | Build | Lumber Camp |
| 8:42 | Queue | Villager (Male) |
| 8:42 | Queue | Villager (Male) |
| 8:52 | Queue | Militia |
| 8:52 | Queue | Militia |
| 9:39 | Build | House |
| 10:10 | Queue | Villager (Male) |
| 10:10 | Queue | Villager (Male) |
| 10:10 | Queue | Villager (Male) |
| 10:11 | Queue | Villager (Male) |
| 10:11 | Queue | Villager (Male) |
| 10:29 | Build | Mill |
| 10:34 | Build | Mill |
| 10:46 | Build | Mining Camp |
| 10:58 | Build | Mill |
| 11:46 | Research | Feudal Age |
| 11:47 | Research | Feudal Age |
| 11:50 | Build | Farm |
| 11:51 | Build | Farm |
| 11:53 | Build | Farm |
| 12:06 | Build | House |
| 13:15 | Queue | Villager (Male) |
| 13:45 | Build | Palisade Wall |
| 13:48 | Build | Palisade Wall |
| 13:49 | Build | Palisade Wall |
| 13:52 | Queue | Villager (Male) |
| 13:56 | Age | Feudal Age |
| 14:01 | Build | Market |
| 14:05 | Build | Blacksmith |
| 14:29 | Build | Farm |
| 14:31 | Build | Farm |
| 14:55 | Research | Castle Age |
| 15:09 | Research | Double-Bit Axe |
| 15:09 | Research | Double-Bit Axe |
| 15:14 | Build | Farm |
| 15:17 | Build | Farm |
| 15:23 | Build | Palisade Wall |
| 15:25 | Build | Palisade Wall |
| 15:28 | Build | Palisade Wall |
| 15:32 | Build | Palisade Wall |
| 15:33 | Build | Palisade Wall |
| 15:34 | Build | Palisade Wall |
| 15:36 | Research | Gold Mining |
| 16:02 | Queue | Villager (Male) |
| 17:08 | Build | House |
| 17:17 | Queue | Villager (Male) |
| 17:35 | Age | Castle Age |
| 17:36 | Queue | Fire Lancer |
| 17:37 | Queue | Fire Lancer |
| 17:41 | Build | Siege Workshop |
| 17:43 | Build | Monastery |
| 17:51 | Research | Bow Saw |
| 17:51 | Research | Bow Saw |
| 18:05 | Research | Horse Collar |
| 18:07 | Queue | Villager (Male) |
| 18:28 | Queue | Fire Lancer |
| 18:38 | Queue | Monk |
| 18:43 | Queue | Fire Lancer |
| 18:47 | Build | House |
| 18:48 | Queue | Iron Pagoda |
| 18:48 | Queue | Iron Pagoda |
| 18:50 | Queue | Villager (Male) |
| 18:51 | Queue | Villager (Male) |
| 19:06 | Build | Mining Camp |
| 19:25 | Queue | Villager (Male) |
| 19:29 | Queue | Monk |
| 19:38 | Queue | Iron Pagoda |
| 19:44 | Queue | Fire Lancer |
| 19:45 | Build | House |
| 19:48 | Research | Scale Mail Armor |
| 19:48 | Research | Scale Mail Armor |
| 19:57 | Build | Farm |
| 19:58 | Build | Farm |
| 20:00 | Queue | Villager (Male) |
| 20:12 | Queue | Iron Pagoda |
| 20:16 | Queue | Villager (Male) |
| 20:21 | Build | House |
| 20:28 | Queue | Monk |
| 20:38 | Queue | Fire Lancer |
| 20:38 | Queue | Fire Lancer |
| 20:54 | Queue | Villager (Male) |
| 20:56 | Queue | Villager (Male) |
| 21:02 | Build | Lumber Camp |
| 21:25 | Queue | Fire Lancer |
| 21:25 | Queue | Fire Lancer |
| 21:27 | Queue | Villager (Male) |
| 21:38 | Build | Lumber Camp |
| 21:56 | Research | Squires |
| 22:03 | Queue | Iron Pagoda |
| 22:11 | Queue | Monk |
| 22:32 | Queue | Monk |
| 22:38 | Research | Chain Mail Armor |
| 22:39 | Queue | Villager (Male) |
| 22:39 | Queue | Villager (Male) |
| 22:44 | Queue | Fire Lancer |
| 22:44 | Queue | Fire Lancer |
| 23:35 | Research | Town Watch |
| 23:35 | Research | Town Watch |
| 23:39 | Queue | Iron Pagoda |
| 23:43 | Build | House |
| 23:55 | Build | Mining Camp |
| 24:05 | Queue | Fire Lancer |
| 24:05 | Queue | Fire Lancer |
| 24:10 | Build | Lumber Camp |
| 24:12 | Queue | Villager (Male) |
| 24:12 | Queue | Villager (Male) |
| 24:12 | Queue | Villager (Male) |
| 24:13 | Queue | Villager (Male) |
| 24:13 | Queue | Villager (Male) |
Build order — L10N
First 150 of 168 actions detected
| 0:00 | Queue | Villager (Male) |
| 0:00 | Queue | Villager (Male) |
| 0:02 | Build | House |
| 0:03 | Build | House |
| 0:06 | Queue | Villager (Male) |
| 0:06 | Queue | Villager (Male) |
| 1:28 | Queue | Villager (Male) |
| 1:50 | Queue | Villager (Male) |
| 2:27 | Queue | Villager (Male) |
| 2:56 | Queue | Villager (Male) |
| 2:56 | Queue | Villager (Male) |
| 3:12 | Build | Lumber Camp |
| 3:45 | Queue | Villager (Male) |
| 3:45 | Queue | Villager (Male) |
| 4:09 | Queue | Villager (Male) |
| 4:17 | Build | House |
| 5:02 | Queue | Villager (Male) |
| 5:31 | Queue | Villager (Male) |
| 5:50 | Queue | Villager (Male) |
| 5:53 | Queue | Villager (Male) |
| 6:02 | Build | Mill |
| 6:07 | Research | Loom |
| 6:35 | Build | Mill |
| 6:48 | Queue | Villager (Male) |
| 7:11 | Queue | Villager (Male) |
| 7:28 | Build | House |
| 7:42 | Queue | Villager (Male) |
| 7:58 | Build | House |
| 8:28 | Research | Feudal Age |
| 8:49 | Build | Barracks |
| 9:17 | Build | Palisade Wall |
| 9:49 | Build | Palisade Wall |
| 10:09 | Build | Farm |
| 10:19 | Build | Palisade Wall |
| 10:20 | Build | Palisade Wall |
| 10:21 | Build | Palisade Wall |
| 10:22 | Build | Palisade Wall |
| 10:29 | Build | Palisade Wall |
| 10:30 | Build | Palisade Wall |
| 10:30 | Build | Palisade Wall |
| 10:35 | Queue | Villager (Male) |
| 10:38 | Age | Feudal Age |
| 10:39 | Build | Stable |
| 10:50 | Queue | Villager (Male) |
| 10:54 | Research | Double-Bit Axe |
| 11:13 | Queue | Villager (Male) |
| 11:21 | Build | Palisade Wall |
| 11:21 | Queue | Scout Cavalry |
| 11:45 | Build | Farm |
| 11:46 | Build | Farm |
| 11:48 | Build | House |
| 11:53 | Build | Farm |
| 11:54 | Build | Farm |
| 12:03 | Queue | Villager (Male) |
| 12:22 | Queue | Villager (Male) |
| 12:49 | Build | House |
| 13:01 | Queue | Villager (Male) |
| 13:18 | Build | Palisade Wall |
| 13:19 | Build | Farm |
| 13:27 | Build | Farm |
| 13:29 | Build | Farm |
| 13:32 | Build | Farm |
| 13:32 | Build | Farm |
| 13:35 | Queue | Villager (Male) |
| 13:40 | Build | Farm |
| 13:45 | Build | Farm |
| 13:54 | Queue | Villager (Male) |
| 14:00 | Build | Farm |
| 14:02 | Build | Farm |
| 14:16 | Build | House |
| 14:22 | Queue | Villager (Male) |
| 14:22 | Queue | Villager (Male) |
| 14:38 | Build | House |
| 14:40 | Build | Blacksmith |
| 14:43 | Queue | Villager (Male) |
| 14:51 | Build | Farm |
| 14:59 | Build | Farm |
| 15:19 | Build | Palisade Wall |
| 15:33 | Queue | Villager (Male) |
| 15:36 | Build | Farm |
| 15:47 | Queue | Villager (Male) |
| 16:09 | Build | Mining Camp |
| 16:20 | Build | House |
| 16:24 | Queue | Villager (Male) |
| 16:25 | Queue | Villager (Male) |
| 16:43 | Queue | Villager (Male) |
| 17:06 | Queue | Villager (Male) |
| 17:11 | Build | Market |
| 17:39 | Build | Archery Range |
| 17:55 | Queue | Scout Cavalry |
| 18:18 | Research | Castle Age |
| 18:56 | Queue | Scout Cavalry |
| 18:56 | Queue | Scout Cavalry |
| 18:58 | Research | Forging |
| 19:01 | Build | Stable |
| 19:19 | Research | Bloodlines |
| 19:27 | Build | Lumber Camp |
| 19:43 | Queue | Scout Cavalry |
| 19:55 | Queue | Villager (Male) |
| 19:57 | Research | Horse Collar |
| 19:58 | Research | Gold Mining |
| 20:08 | Queue | Scout Cavalry |
| 20:11 | Queue | Scout Cavalry |
| 20:58 | Age | Castle Age |
| 21:00 | Build | Siege Workshop |
| 21:01 | Queue | Villager (Male) |
| 21:03 | Research | Light Cavalry (upgrade) |
| 21:24 | Queue | Mangonel |
| 21:39 | Queue | Villager (Male) |
| 22:00 | Queue | Villager (Male) |
| 22:33 | Queue | Villager (Male) |
| 22:47 | Queue | Elephant Archer |
| 22:57 | Build | Monastery |
| 23:18 | Queue | Villager (Male) |
| 23:33 | Queue | Monk |
| 23:34 | Queue | Villager (Male) |
| 23:41 | Build | Farm |
| 23:41 | Build | Farm |
| 23:41 | Build | Farm |
| 23:41 | Build | Farm |
| 23:42 | Build | Farm |
| 23:42 | Build | Farm |
| 23:42 | Build | Farm |
| 23:46 | Queue | Villager (Male) |
| 23:47 | Queue | Villager (Male) |
| 24:04 | Queue | Elephant Archer |
| 24:05 | Queue | Elephant Archer |
| 24:10 | Queue | Villager (Male) |
| 24:19 | Build | Farm |
| 24:21 | Build | Farm |
| 24:28 | Build | Farm |
| 24:30 | Build | Farm |
| 24:32 | Build | Farm |
| 24:33 | Queue | Villager (Male) |
| 24:35 | Research | Fletching |
| 24:50 | Queue | Villager (Male) |
| 25:08 | Build | Farm |
| 25:18 | Queue | Villager (Male) |
| 25:50 | Research | Bodkin Arrow |
| 25:51 | Research | Bodkin Arrow |
| 25:59 | Queue | Villager (Male) |
| 25:59 | Queue | Villager (Male) |
| 26:06 | Build | Farm |
| 26:06 | Build | Farm |
| 26:06 | Build | Farm |
| 26:06 | Build | Farm |
| 26:07 | Build | Farm |
| 26:07 | Build | Farm |
| 26:14 | Build | Farm |
| 26:25 | Queue | Villager (Male) |
Match timeline
| 6:35 | eduv · first_building Barracks |
| 8:49 | L10N · first_building Barracks |
| 9:17 | L10N · wall_segment Palisade Wall x9 |
| 9:49 | L10N · wall_segment Palisade Wall x2 |
| 10:19 | L10N · wall_segment Palisade Wall x1 |
| 10:20 | L10N · wall_segment Palisade Wall x1 |
| 10:21 | L10N · wall_segment Palisade Wall x1 |
| 10:22 | L10N · wall_segment Palisade Wall x1 |
| 10:29 | L10N · wall_segment Palisade Wall x1 |
| 10:30 | L10N · wall_segment Palisade Wall x1 |
| 10:30 | L10N · wall_segment Palisade Wall x1 |
| 10:38 | L10N · age_up feudal |
| 10:39 | L10N · first_building Stable |
| 11:21 | L10N · wall_segment Palisade Wall x1 |
| 13:18 | L10N · wall_segment Palisade Wall x4 |
| 13:45 | eduv · wall_segment Palisade Wall x1 |
| 13:48 | eduv · wall_segment Palisade Wall x1 |
| 13:49 | eduv · wall_segment Palisade Wall x1 |
| 13:56 | eduv · age_up feudal |
| 14:52 | eduv · first_market_sell 100 stone |
| 14:55 | eduv · first_market_buy 100 food |
| 15:19 | L10N · wall_segment Palisade Wall x7 |
| 15:23 | eduv · wall_segment Palisade Wall x1 |
| 15:25 | eduv · wall_segment Palisade Wall x1 |
| 15:28 | eduv · wall_segment Palisade Wall x1 |
| 15:32 | eduv · wall_segment Palisade Wall x1 |
| 15:33 | eduv · wall_segment Palisade Wall x1 |
| 15:34 | eduv · wall_segment Palisade Wall x1 |
| 17:35 | eduv · age_up castle |
| 17:39 | L10N · first_building Archery Range |
| 17:41 | eduv · first_building Siege Workshop |
| 17:43 | eduv · first_building Monastery |
| 20:58 | L10N · age_up castle |
| 21:00 | L10N · first_building Siege Workshop |
| 22:57 | L10N · first_building Monastery |
| 29:52 | L10N · resign |
[ AI ANALYSIS · 1 CREDIT ]
What really happened in this match?
Wolo.gg analyzes every decision: build order, eco, micro, common mistakes by bracket. Personalized analysis on WhatsApp or Discord in 30 seconds.
Civ guide
Koreans
Perfil
Jugador #631884